 Dungeon Crawl Stone Soup version 0.24-a0-230-g536ed4e (webtiles) character file.

Game seed: 3957917727542547245

11 xeno23 the Sneak (level 2, 0/19 HPs)
             Began as an Octopode Assassin on Apr 2, 2019.
             Slain by a jackal (2 damage)
             ... on level 1 of the Dungeon.
             The game lasted 00:00:59 (193 turns).

xeno23 the Sneak (Octopode Assassin)                 Turns: 193, Time: 00:01:00

Health: 0/19       AC:  1    Str: 10    XL:     2   Next: 25%
Magic:  2/2        EV: 13    Int: 13    God:
Gold:   38         SH:  0    Dex: 13    Spells: 1/1 levels left

rFire    . . .     SeeInvis .   a - +2 dagger
rCold    . . .     Gourm    .   (no shield)
rNeg     . . .     Faith    .   (helmet restricted)
rPois    .         Spirit   .   g - amulet of inaccuracy (curse)
rElec    .         Reflect  .   (no ring)
rCorr    .         Harm     .   (no ring)
MR       .....                  (no ring)
Stlth    ++++......             (no ring)
HPRegen  0.06/turn              (no ring)
MPRegen  0.08/turn              (no ring)
                                (no ring)
                                (no ring)

@: no status effects
A: almost no armour, stealthy swim, amphibious, 8 rings, constrict 8, camouflage
1, gelatinous body 1
a: no special abilities


You were on level 1 of the Dungeon.
You were not hungry.

You visited 1 branch of the dungeon, and saw 1 of its levels.

You collected 38 gold pieces.

Inventory:

Hand Weapons
 a - a +2 dagger (weapon)
 b - a +0 blowgun
Missiles
 c - 8 poisoned needles
 d - 2 curare-tipped needles
Jewellery
 g - a cursed amulet of inaccuracy (around mantle)
Potions
 e - a potion of brilliance {unknown}
Comestibles
 f - 2 rations
 h - 3 chunks of flesh


   Skills:
 + Level 2.1 Fighting
 * Level 2.2 Short Blades
 + Level 2.1 Throwing
 + Level 1.2 Dodging
 * Level 5.5 Stealth


You had one spell level left.
You didn't know any spells.
Your spell library was empty.

Dungeon Overview and Level Annotations

Branches:
Dungeon (1/15)

Altars:


Innate Abilities, Weirdness & Mutations

You cannot wear most types of armour.
You are very stealthy in the water. (Stealth+)
You are amphibious.
You can wear up to eight rings at the same time.
You can use your tentacles to constrict eight enemies at once.
Your skin changes colour to match your surroundings (Stealth+).
Your rubbery body absorbs attacks. (AC +1, EV +1)


Message History

The jackal is severely wounded.
The jackal bites you.
* * * LOW HITPOINT WARNING * * *
The jackal bites you.
* * * LOW HITPOINT WARNING * * *
The jackal bites you but does no damage.
You take 4 damage.
You miss the jackal. Your grab misses the jackal.
The jackal is severely wounded.
The jackal misses you. The jackal closely misses you.
You hit the jackal. Your grab misses the jackal.
The jackal is almost dead.
The jackal closely misses you. x2
You hit the jackal.
You kill the jackal!
The jackal bites you but does no damage.
You hit the jackal. Your grab misses the jackal.
The jackal is heavily wounded.
The jackal closely misses you. The jackal bites you.
You die...

# #†# #.....####.#. #.#
.....+...?.. #.# ....#.#..
#.# .h..... #.# ....# #.#
####+###...##... #
#.####......#.....# #
#.........[†h.....# #
####.......@#.....# #
#######.......[#......#
###..............#......#
..#.#####'#####..####....#
#.#.#PPP#.#PPP#..#..###.##
#.#.#P⌠P#.#P⌠P#.......###.
#.#.#PPP#.#PPP#.........#l
+...#####.#####..#....###.
##..+....<....+..#..###.##


You could see a jackal.

Vanquished Creatures
  2 goblins (D:1)
  A hobgoblin (D:1)
  3 jackals (D:1)
  A bat (D:1)
  A frilled lizard (D:1)
  2 kobolds (D:1)
10 creatures vanquished.

Notes
Turn   | Place    | Note
-------+----------+-------------------------------------------
     0 | D:1      | xeno23 the Octopode Assassin began the quest for the Orb.
     0 | D:1      | Reached XP level 1. HP: 14/14 MP: 1/1
   176 | D:1      | Reached XP level 2. HP: 9/19 MP: 2/2
   193 | D:1      | Slain by a jackal

Levels and vault maps discovered:
D:1:      beargit_arrival_greenhouse, layout_basic, nicolae_ashenzari_panopticon

Action                   || total
-------------------------++-------
Melee: Dagger            ||    30
       Constrict         ||     5
       Tentacles         ||     1
 Stab: Sleeping          ||     2
Armor: Skin              ||     2
Dodge: Dodged            ||    19

Table legend:
 A = Non-vault XP
 B = Vault XP
 C = Vault XP percentage of total XP
 D = Non-vault monster count
 E = Vault monster count
 F = Vault count percentage of total count
                 A         B        C        D         E       F
            +---------+---------+-------+---------+---------+-------
      Total |      16 |       0 |   0.0 |      10 |       0 |   0.0
            +---------+---------+-------+---------+---------+-------
        D:1 |      16 |       0 |   0.0 |      10 |       0 |   0.0
            +---------+---------+-------+---------+---------+-------
